 Dungeon Crawl Stone Soup version 0.31-a0-845-g9abc20d24f (webtiles) character file.

Game seed: 17565923608656528140

884 WizardMan the Poker (level 7, 0/84 HPs)
             Began as a Demonspawn Berserker on Oct 2, 2023.
             Was a Believer of Trog.
             Succumbed to a gnoll sergeant's poison
             ... on level 5 of the Dungeon.
             The game lasted 00:09:40 (3980 turns).

WizardMan the Poker (Demonspawn Berserker)          Turns: 3980, Time: 00:09:40

Health: 0/84       AC: 16    Str: 19    XL:     7   Next: 76%
Magic:  7/7        EV: 23    Int:  9    God:    Trog [**....]
Gold:   183        SH:  0    Dex: 12    Spells: 6/6 levels left

rFire   . . .        a - +0 spear
rCold   . . .        (no shield)
rNeg    . . .        g - +0 chain mail
rPois   .            s - +0 helmet
rElec   .            d - +0 cloak
rCorr   .            c - +0 pair of gloves
SInv    +            f - +0 pair of boots
Will    .....        i - amulet of the acrobat Stlth
                     q - ring of see invisible
HPRegen 0.34/turn    (no ring)
MPRegen 0.10/turn

%: acrobat
@: berserking, lethally poisoned (0 -> -22), acrobatic, very quick
A: thin metallic scales 1, ignite blood 1, demonic touch 1
a: Renounce Religion, Berserk, Trog's Hand


You were on level 5 of the Dungeon.
You worshipped Trog.
Trog was pleased with you.
You visited 1 branch of the dungeon, and saw 5 of its levels.

You collected 183 gold pieces.

Inventory:

Hand Weapons
 a - a +0 spear (weapon)
Missiles
 t - a throwing net
Armour
 c - a +0 pair of gloves (worn)
 d - a +0 cloak (worn)
 f - a +0 pair of boots (worn)
 g - a +0 chain mail (worn)
 s - a +0 helmet (worn)
Jewellery
 i - an amulet of the acrobat (around neck)
 q - a ring of see invisible (left hand)
 w - a ring of magical power
Scrolls
 e - a scroll of revelation
 l - a scroll of teleportation
 m - a scroll of blinking {unknown}
 o - a scroll of enchant weapon {unknown}
 p - 4 scrolls of vulnerability {unknown}
 r - a scroll of brand weapon {unknown}
 v - a scroll of immolation {unknown}
 x - a scroll of fog {unknown}
Potions
 b - a potion of cancellation
 h - a potion of berserk rage
 j - a potion of mutation
 k - a potion of lignification
 n - a potion of invisibility
 u - a potion of curing {unknown}
 z - a potion of magic {unknown}


   Skills:
 + Level 5.0 Fighting
 + Level 6.1 Polearms
 + Level 4.9 Armour
 - Level 1.7 Dodging


You had 6 spell levels left.
You didn't know any spells.
Your spell library was empty.

Dungeon Overview and Level Annotations

Branches:
Dungeon (5/15)             Temple (0/1) D:5

Altars:
Nemelex Xobeh
Okawaru

Shops:
D:1 :


Innate Abilities, Weirdness & Mutations

You are partially covered in thin metallic scales. (AC +2)
Your demonic aura sometimes causes spilled blood to erupt in flames.
Your touch may inflict minor irresistible damage on your foes.


Message History

The gnoll sergeant misses you. The orc completely misses you.
The gnoll sergeant closely misses you. The gnoll closely misses you.
You hit the gnoll sergeant but do no damage.
The gnoll sergeant hits you with a +1 trident of venom.
You are poisoned.
The gnoll barely misses you. The orc closely misses you.
You hit the gnoll sergeant.
The gnoll sergeant is lightly wounded.
You feel very sick.
The gnoll sergeant hits you with a +1 trident of venom.
You are more poisoned.
The gnoll hits you from afar with a +0 halberd of distortion.
The orc closely misses you.
A red film seems to cover your vision as you go berserk!
You feel yourself moving faster!
You feel mighty!
You feel very sick. The gnoll hits you but does no damage.
Space warps horribly around you!!
The gnoll sergeant hits you with a +1 trident of venom.
You are more poisoned.
The orc hits you but does no damage.
You barely miss the gnoll sergeant.
The gnoll sergeant is lightly wounded.
You feel very sick.
You hit the gnoll sergeant.
You touch the gnoll sergeant!
The gnoll sergeant is heavily wounded.
You feel very sick. The gnoll hits you but does no damage.
Space warps horribly around you!!
* * * LOW HITPOINT WARNING * * *
The gnoll sergeant hits you but does no damage.
The orc hits you but does no damage.
You hit the gnoll sergeant.
You touch the gnoll sergeant!
You kill the gnoll sergeant!
Trog accepts your kill.
* * * LOW HITPOINT WARNING * * *
You feel very sick.
You feel your intelligence returning.
Your Fighting skill increases to level 5!
Your Polearms skill increases to level 6!
A gnoll comes into view. It is wielding a +0 spear.
You die...

## .. #. #.
##########
#g##...........#
#g@.o$..# ##.##
#g##....#
##8.8### #.
##.#.# #8...8..
#g #.#.#
#8.>.8#. ..
#.#.# #8...8#.
#. #.#.#
##888##. #.
#.#.# ##.# #. #.
#.#.### #.# #.
#...<># #.# #.


You could see 4 gnolls and an orc.

Vanquished Creatures
  Grinder (D:5)
  A water moccasin (D:5)
  Blork the orc (D:5)
  A kobold brigand (D:4)
  A gnoll sergeant (D:5)
  A scorpion (D:5)
  A howler monkey (D:5)
  3 hounds
  A gnoll bouda (D:5)
  An iguana (D:4)
  4 adders
  A gnoll (D:5)
  A shadow imp (D:5)
  2 white imps (D:5)
  4 worms
  2 dart slugs
  8 orcs
  A bat (D:3)
  An endoplasm (D:1)
  5 giant cockroaches
  6 hobgoblins
  4 jackals
  5 quokkas
  8 ball pythons
  3 frilled lizards (D:1)
  6 goblins
  11 kobolds
  6 rats
90 creatures vanquished.

Notes
Turn   | Place    | Note
-------+----------+-------------------------------------------
     0 | D:1      | WizardMan the Demonspawn Berserker began the quest for the
                  | Orb.
     0 | D:1      | Reached XP level 1. HP: 18/18 MP: 1/1
    80 | D:1      | Reached skill level 3 in Polearms
    80 | D:1      | Gained mutation: Your touch may inflict minor irresistible
                  | damage on your foes. [demonic ancestry]
    80 | D:1      | Reached XP level 2. HP: 22/24 MP: 2/2
   666 | D:1      | Gained mutation: Your demonic aura sometimes causes spilled
                  | blood to erupt in flames. [demonic ancestry]
   666 | D:1      | Reached XP level 3. HP: 29/29 MP: 3/3
   761 | D:1      | Found Irchopyca's Book Boutique.
  1817 | D:3      | Reached ** piety under Trog
  1988 | D:3      | Reached XP level 4. HP: 31/37 MP: 4/4
  2545 | D:4      | Found a sparkling altar of Nemelex Xobeh.
  2628 | D:4      | Reached skill level 4 in Polearms
  2628 | D:4      | Reached XP level 5. HP: 35/42 MP: 5/5
  3426 | D:5      | Entered Level 5 of the Dungeon
  3426 | D:5      | Noticed a water moccasin
  3432 | D:5      | Killed a water moccasin
  3433 | D:5      | Reached XP level 6. HP: 48/48 MP: 6/6
  3459 | D:5      | Found an iron altar of Okawaru.
  3481 | D:5      | Noticed Blork the orc
  3489 | D:5      | Killed Blork the orc
  3490 | D:5      | Reached skill level 5 in Polearms
  3581 | D:5      | Noticed Grinder
  3594 | D:5      | Killed Grinder
  3595 | D:5      | Gained mutation: You are partially covered in thin metallic
                  | scales. (AC +2) [demonic ancestry]
  3595 | D:5      | Reached XP level 7. HP: 55/55 MP: 7/7
  3872 | D:5      | Found a staircase to the Ecumenical Temple.
  3979 | D:5      | HP: 4/82 [poisoned by a gnoll sergeant]
  3980 | D:5      | Reached skill level 5 in Fighting
  3980 | D:5      | Reached skill level 6 in Polearms
  3980 | D:5      | Succumbed to a gnoll sergeant's poison

Illustrated notes

Levels and vault maps discovered:
D:1:      mrwooster_arrival_arrow, layout_loops_ring, serial_shops, shop
D:2:      layout_loops_corners
D:3:      layout_basic
D:4:      layout_loops_ring, lemuel_tele_altar, lexackson_kobold_supper
D:5:      layout_loops_ring, mainiacjoe_overflow_tiny_flanked, okawaru_trees_2,
          kennysheep_slug_shrine, minmay_temple_entry_statues, enter_ossuary_3,
          chequers_serial_rivers_small_3, palyth_stone_intersect, minmay_holes,
          minmay_joined_circles, uniq_grinder, uniq_blork_the_orc

Skill      XL: |  1  2  3  4  5  6  7 |
---------------+----------------------+-----
Polearms       | 3 4 5 6 |  6.1
Armour         | 2 3 4 |  4.9
Fighting       | 4 5 |  5.0
Dodging        | |  1.7

Action                     |  1- 3 |  4- 6 |  7- 9 || total
---------------------------+-------+-------+-------++-------
  Melee: Spear             |   139 |    94 |    94 ||   327
         Touch             |    19 |    15 |    11 ||    45
         Punch             |     1 |     2 |     1 ||     4
 Invoke: Berserk           |       |     3 |     2 ||     5
    Use: Scroll            |     5 |     1 |       ||     6
         Potion            |     2 |     1 |       ||     3
 Armour: Scale mail        |    81 |       |       ||    81
         Chain mail        |       |    48 |   100 ||   148
  Dodge: Dodged            |    64 |    44 |    75 ||   183

Table legend: (Time is in decaauts)
 A = Elapsed time spent in this place.
 B = Non-inter-level travel time spent in this place.
 C = Inter-level travel time spent in this place.
 D = Time resting spent in this place.
 E = Time spent auto-exploring this place.
 F = Levels seen in this place.
 G = Mean time per level.
                   A        B        C        D        E       F      G
               +--------+--------+--------+--------+--------+-----+--------+
         Total |   3986 |   3986 |      0 |    118 |   2715 |   5 |  797.2 |
       Dungeon |   3986 |   3986 |      0 |    118 |   2715 |   5 |  797.2 |
               +--------+--------+--------+--------+--------+-----+--------+

Top non-repeatable levels by time:
     D:2: 897 daAuts
     D:4: 888 daAuts
     D:3: 824 daAuts
     D:1: 821 daAuts
     D:5: 554 daAuts
